Map: Prion Terraces

Players

Sigurdsson

  • Race: Terran Terran
  • League: Silver

Chance - Winner!

  • Race: Protoss Protoss
  • League: Bronze

VOD

Have the link to the VOD?

Description

Time

  • Played on: Dec. 14, 2015, 2:03 p.m.
  • Length: 20:05
Show
View Real Time Build Order
Export as new Build Order

Sigurdsson Terran 

Build Orders:  

Get SALT Encoding   

  12  0:02  SCV  
  13  0:14  SCV  
  14  0:25  Supply Depot  
  14  0:26  SCV  
  15  0:32  Refinery  
  15  0:47  SCV  
  15  0:48  Barracks  
  16  0:59  SCV  
  17  1:11  SCV  
  18  1:23  SCV  
  19  1:25  Refinery  
  19  1:33  Supply Depot  
  19  1:35  SCV  
  19  1:36  Barracks Reactor  
  20  1:41  Supply Depot  
  20  1:47  SCV  
  21  1:59  Factory  
  21  2:00  SCV  
  22  2:15  Orbital Command  
  22  2:25  Supply Depot  
  22  2:26  Marine x2  
  24  2:44  Factory Tech Lab, Marine x2  
  26  2:51  Starport  
  26  2:52  SCV  
  27  3:00  Armory  
  27  3:01  Marine  
  27  3:02  Marine  
  29  3:17  Siege Tank  
  29  3:19  SCV  
  33  3:38  Supply Depot  
  33  3:44  Medivac  
  35  3:55  Supply Depot  
  35  4:18  Starport Reactor  
  35  4:19  Engineering Bay  
  35  4:20  Marine x2  
  37  4:38  SCV, Marine x2  
  40  4:49  Command Center  
  40  4:50  SCV  
  41  4:55  Marine  
  41  4:56  Marine  
  43  5:02  Viking, Medivac  
  43  5:04  Widow Mine  
  49  5:13  Marine x2  
  51  5:19  Missile Turret  
  51  5:22  Missile Turret  
  51  5:31  Marine x2  
  51  5:33  Refinery  
  53  5:49  Marine  
  54  6:23  SCV  
  55  6:28  Supply Depot  
  55  6:30  Siege Tank  
  58  6:36  SCV, Barracks  
  58  6:37  Barracks  
  59  6:41  Terran Infantry Weapons Level 1  
  59  6:44  Supply Depot  
  59  6:48  SCV  
  60  7:00  SCV  
  61  7:02  Siege Tank  
  64  7:12  SCV  
  65  7:24  SCV  
  65  7:28  Barracks Reactor  
  65  7:29  Barracks Tech Lab  
  66  7:34  Widow Mine  
  68  7:42  Sensor Tower  
  68  7:58  Planetary Fortress  
  63  8:02  Widow Mine  
  52  8:11  Marine x3  
  43  8:31  Siege Tank  
  45  8:35  Terran Infantry Armor Level 1  
  45  8:38  Marine x3  
  45  8:56  Marine x3  
  45  9:00  Marine  
  45  9:01  Marine  
  50  9:06  Medivac  
  50  9:07  Medivac  
  54  9:13  Marine  
  54  9:14  Marine x2  
  57  9:18  Marine  
  58  9:39  Command Center  
  58  10:24  Viking x2  
  53  10:53  Marine x2  
  53  10:54  Viking x2, Marine x2  
  60  11:00  Marine  
  48  11:11  Marine x2  
  48  11:12  Marine  
  51  11:18  Marine  
  51  11:24  Viking  
  54  11:27  SCV  
  56  11:40  SCV  
  56  11:52  SCV  
  57  12:04  Marine x4  
  59  12:21  Marine  
  59  12:22  Marine x3  
  58  12:39  Marine x3  
  61  12:49  SCV  
  60  12:52  Marine  
  60  12:55  Siege Tank  
  60  12:57  Marine x3  
  67  13:01  SCV  
  68  13:10  Marine  
  69  13:14  SCV  
  69  13:15  Marine  
  71  13:26  SCV  
  70  13:38  SCV  
  71  13:45  Supply Depot  
  71  13:47  Marine x4  
  75  14:05  Marine x4  
  77  14:23  Marine  
  56  14:39  Viking x2  
  32  16:22  Supply Depot  
  21  17:46  SCV, Barracks  
  21  17:51  Supply Depot  
  22  17:55  Barracks  
  22  17:58  SCV  
  22  17:59  Barracks  
  23  18:53  Marine x2  
  23  18:54  Marine  
  26  19:01  Supply Depot  
  26  19:05  Supply Depot  
  26  19:08  Supply Depot  
  26  19:11  Marine x3  
Show
View Real Time Build Order
Export as new Build Order

Chance Protoss - Winner!

Build Orders: 1 Gate Expand 

Get SALT Encoding   

  12  0:02  Probe (Chrono Boost)  
  13  0:13  Probe (Chrono Boost)  
  14  0:22  Pylon  
  14  0:23  Probe (Chrono Boost)  
  15  0:43  Gateway  
  15  0:44  Probe (Chrono Boost)  
  16  0:55  Probe (Chrono Boost)  
  17  1:13  Nexus  
  18  1:18  Probe (Chrono Boost)  
  18  1:23  Assimilator  
  18  1:29  Probe (Chrono Boost)  
  19  1:34  Cybernetics Core  
  19  1:48  Assimilator  
  19  1:50  Probe (Chrono Boost)  
  20  2:00  Gateway  
  20  2:01  Probe (Chrono Boost)  
  21  2:09  Gateway  
  21  2:11  Probe (Chrono Boost)  
  21  2:12  Warp Gate (Chrono Boost)  
  22  2:20  Pylon  
  22  2:26  Probe  
  22  2:28  Probe  
  24  2:40  Probe  
  25  2:44  Robotics Facility  
  25  2:51  Stalker  
  27  2:55  Adept  
  29  2:59  Probe x2  
  31  3:11  Stalker  
  33  3:21  Pylon  
  33  3:26  Adept  
  35  3:27  Adept  
  35  3:31  Observer  
  38  3:40  Probe, Pylon  
  39  3:41  Probe  
  39  3:44  Pylon  
  40  3:51  Probe  
  40  3:53  Probe  
  42  3:58  Forge  
  42  4:07  Gateway  
  42  4:14  Stalker  
  42  4:15  Stalker  
  46  4:18  Adept  
  46  4:21  Probe  
  46  4:24  Probe, Protoss Ground Weapons Level 1 (Chrono Boost)  
  50  4:33  Probe  
  51  4:40  Immortal (Chrono Boost)  
  55  4:49  Adept x2  
  55  4:51  Adept  
  61  4:54  Probe  
  61  4:55  Probe  
  63  5:06  Probe  
  64  5:13  Stalker x3  
  70  5:23  Pylon  
  70  5:25  Pylon  
  70  5:42  Immortal (Chrono Boost)  
  70  5:52  Probe x2  
  66  6:04  Probe x2  
  68  6:16  Immortal (Chrono Boost), Probe x2  
  74  6:26  Assimilator  
  74  6:28  Probe  
  75  6:36  Stalker  
  77  6:50  Immortal (Chrono Boost)  
  81  6:58  Stalker x2  
  84  7:09  Protoss Ground Armor Level 1  
  84  7:18  Twilight Council  
  84  7:24  Warp Prism (Chrono Boost)  
  86  7:37  Pylon  
  86  7:38  Pylon  
  86  7:40  Pylon x2  
  86  7:42  Pylon  
  62  8:31  Immortal (Chrono Boost)  
  60  8:45  Protoss Ground Weapons Level 2  
  60  8:48  Stalker x3  
  66  9:04  Blink  
  66  9:05  Immortal (Chrono Boost)  
  66  9:07  Probe  
  71  9:15  Zealot  
  71  9:16  Zealot x3  
  75  9:42  Stalker x2  
  75  9:43  Stalker x2  
  87  9:48  Observer (Chrono Boost)  
  88  10:07  Immortal (Chrono Boost), Adept x3  
  88  10:08  Adept  
  94  10:23  Robotics Bay  
  94  10:30  Stalker x2  
  78  11:05  Resonating Glaives  
  74  11:22  Stalker x2  
  74  11:23  Stalker x2  
  82  11:28  Immortal (Chrono Boost)  
  86  11:58  Adept x4  
  86  12:00  Nexus  
  92  12:02  Observer (Chrono Boost), Assimilator  
  92  12:05  Assimilator  
  87  12:10  Pylon  
  87  12:11  Pylon  
  87  12:14  Pylon  
  82  12:16  Pylon  
  82  12:18  Pylon  
  82  12:20  Stalker x2  
  82  12:21  Stalker x2  
  81  12:33  Probe  
  81  12:34  Probe  
  83  12:45  Probe  
  83  12:46  Probe  
  85  12:57  Probe  
  85  12:58  Probe  
  89  13:05  Warp Prism (Chrono Boost)  
  89  13:10  Probe x2  
  91  13:22  Probe x2  
  93  13:34  Stalker x3, Probe x2  
  96  13:37  Colossus (Chrono Boost)  
  107  14:01  Stalker  
  107  14:02  Stalker  
  84  14:44  Adept  
  84  14:45  Stalker x2  
  67  17:29  Probe  
  67  17:40  Probe  
  68  17:50  Probe  
  69  18:01  Probe  
  70  18:07  Probe  
  70  18:11  Probe  
  71  18:18  Probe  
  73  18:27  Nexus  
  73  18:31  Probe  
  66  19:09  Probe  
Tags
 
Add a new tag
Caveats
  • Supply blocks, unpowered buildings, or Contaminate may cause inaccurate times.
  • Supply counts are checked every 10 seconds.